 Dungeon Crawl Stone Soup version 0.28-a0-1206-g193881aaa2 (webtiles) character file.

Game seed: 5946325704709193691

319 mcbry74 the Cleaver (level 6, 0/51 HPs)
             Began as a Hill Orc Fighter on Dec 20, 2021.
             Slain by a howler monkey skeleton (3 damage)
             ... on level 4 of the Dungeon.
             The game lasted 00:06:43 (2272 turns).

mcbry74 the Cleaver (Hill Orc Fighter)              Turns: 2272, Time: 00:06:44

Health: 0/51       AC:  6    Str: 21    XL:     6   Next: 45%
Magic:  6/6        EV:  9    Int: 10    God:
Gold:   131        SH:  5    Dex: 10    Spells: 5/5 levels left

rFire   . . .      SeeInvis .   q - +10 flail "Poodifijirch" {venom, *Slow rElec Will+ Int+2}
rCold   . . .      Faith    .   c - +1 buckler
rNeg    . . .      Spirit   .   b - +0 scale mail
rPois   .          Reflect  .   (no helmet)
rElec   +          Harm     .   (no cloak)
rCorr   .          Rampage  .   (no gloves)
Will    +....                   (no boots)
Stlth   ..........              (no amulet)
HPRegen 0.17/turn               (no ring)
MPRegen 0.10/turn               (no ring)

@: no status effects
A: no striking features
a: no special abilities


You were on level 4 of the Dungeon.
You visited 1 branch of the dungeon, and saw 5 of its levels.

You collected 131 gold pieces.

Inventory:

Hand Weapons
 a - a +0 war axe
 i - a +1 flail of protection
 m - a +0 battleaxe
 q - the +10 flail "Poodifijirch" (weapon) {venom, *Slow rElec Will+ Int+2}
   (You found it on level 5 of the Dungeon)

   It poisons the flesh of those it strikes.
   Int:       It affects your intelligence (+2).
   rElec:     It insulates you from electricity.
   *Slow:     It may slow you when you take damage.
   Will:      It increases your willpower.
Missiles
 e - 25 poisoned darts (quivered)
 g - a throwing net
Armour
 b - a +0 scale mail (worn)
 c - a +1 buckler (worn)
Jewellery
 p - a ring of willpower
Scrolls
 f - a scroll of fear {unknown}
 j - a scroll of enchant armour
 k - a scroll of blinking {unknown}
 l - a scroll of silence {unknown}
 n - a scroll of teleportation {unknown}
 o - a scroll of identify {unknown}
Potions
 d - a potion of might


   Skills:
 - Level 3.6 Fighting
 * Level 8.8 Axes
 - Level 3.2 Armour
 - Level 3.2 Shields


You had 5 spell levels left.
You didn't know any spells.
Your spell library contained the following spells:

 Spells                   Type           Power      Damage    Failure   Level
 Portal Projectile        Hex/Tloc       0%         N/A       98%         3
 Blade Hands              Tmut           0%         N/A       100%        5
 Excruciating Wounds      Necr           0%         N/A       100%        5


Dungeon Overview and Level Annotations

Branches:
Dungeon (5/15)
 Temple: D:4-7

Altars:
Cheibriados
Dithmenos


Message History

You feel very sick. You block the goblin's attack.
The water moccasin barely misses you.
The howler monkey skeleton hits you but does no damage.
The goblin hits you with a +0 dagger.
You closely miss the water moccasin.
The water moccasin is almost dead.
You feel sick. The water moccasin bites you.
* * * LOW HITPOINT WARNING * * *
You are more poisoned.
The water moccasin poisons you! You block the water moccasin's attack.
The howler monkey skeleton hits you but does no damage.
You block the goblin's attack.
It was a potion of curing.
You feel better. You block the water moccasin's attack.
The howler monkey skeleton hits you.
* * * LOW HITPOINT WARNING * * *
You block the goblin's attack.
You thump the water moccasin!
You kill the water moccasin!
The howler monkey skeleton hits you.
* * * LOW HITPOINT WARNING * * *
You block the goblin's attack.
Your Axes skill increases to level 8!
You have reached level 6!
You sock the goblin!
You kill the goblin!
The howler monkey skeleton hits you.
* * * LOW HITPOINT WARNING * * *
You sock the howler monkey skeleton!
The howler monkey skeleton is heavily damaged.
The howler monkey skeleton hits you.
* * * LOW HITPOINT WARNING * * *
The howler monkey skeleton hits you but does no damage.
You completely miss the howler monkey skeleton.
The howler monkey skeleton is heavily damaged.
The howler monkey skeleton hits you.
* * * LOW HITPOINT WARNING * * *
You barely miss the howler monkey skeleton.
The howler monkey skeleton is heavily damaged.
The howler monkey skeleton hits you.
You die...

#########
#.......#
#.⌠.⌠[⌠.#
#.......#
......)@#
#......Z#
#.⌠.⌠.⌠.#
#.......#
#########


You could see a howler monkey skeleton.

Vanquished Creatures
  A water moccasin (D:4)
  An ice beast (D:5)
  A scorpion (D:5)
  An adder (D:2)
  A worm (D:2)
  4 bats
  7 endoplasms
  3 giant cockroaches
  3 hobgoblins
  3 kobolds (D:1)
  A quokka (D:1)
  5 ball pythons
  A frilled lizard (D:1)
  11 goblins
  4 rats
47 creatures vanquished.

Notes
Turn   | Place    | Note
-------+----------+-------------------------------------------
     0 | D:1      | mcbry74 the Hill Orc Fighter began the quest for the Orb.
     0 | D:1      | Reached XP level 1. HP: 19/19 MP: 1/1
    50 | D:1      | Reached skill level 3 in Axes
   117 | D:1      | Reached XP level 2. HP: 22/26 MP: 2/2
   318 | D:1      | Reached skill level 4 in Axes
   420 | D:1      | Reached XP level 3. HP: 28/31 MP: 3/3
   991 | D:2      | Reached skill level 5 in Axes
  1364 | D:2      | Found a faded altar of an unknown god.
  1373 | D:2      | Reached XP level 4. HP: 39/39 MP: 4/4
  1896 | D:3      | You fall into a shaft and drop 2 floors!
  1896 | D:5      | Entered Level 5 of the Dungeon
  1896 | D:5      | Found a snail-covered altar of Cheibriados.
  1897 | D:5      | Found a shadowy altar of Dithmenos.
  1902 | D:5      | Identified the +10 flail "Poodifijirch" {venom, *Slow rElec
                  | Will+ Int+2}
  1902 | D:5      | Noticed an ice beast
  1911 | D:5      | Killed an ice beast
  1912 | D:5      | Reached skill level 7 in Axes
  1912 | D:5      | Reached XP level 5. HP: 8/45 MP: 5/5
  2256 | D:5      | Noticed a water moccasin
  2268 | D:4      | Killed a water moccasin
  2269 | D:4      | Reached skill level 8 in Axes
  2269 | D:4      | Reached XP level 6. HP: 13/51 MP: 6/6
  2271 | D:4      | HP: 2/51 [howler monkey skeleton (3)]
  2272 | D:4      | Slain by a howler monkey skeleton

Illustrated notes

Levels and vault maps discovered:
D:1:      moated_graveyard_arrival, layout_basic
D:2:      kennysheep_big_flooded_room, layout_loops_ring, basic_ecumenical_altar
D:3:      layout_basic, amcnicky_mini_pool_small
D:4:      cheibrodos_fertilizer, layout_layer_cave,
          grunt_temple_overflow_forces_of_nature, grunt_ministairs_3,
          minmay_puff, uniq_pikel
D:5:      layout_rooms, grunt_nemelex_the_gamble, grunt_temple_overflow_open,
          lemuel_flame_loot_1

Skill      XL: |  1  2  3  4  5 |
---------------+----------------+-----
Axes           | 3 4 5 7 8 |  8.8
Fighting       | |  3.6
Armour         | |  3.2
Shields        | |  3.2

Action                   |  1- 3 |  4- 6 || total
-------------------------+-------+-------++-------
Melee: War axe           |    83 |    23 ||   106
       Flail             |       |    11 ||    11
Throw: Dart              |     5 |     2 ||     7
  Use: Scroll            |     2 |       ||     2
       Potion            |       |     1 ||     1
Armor: Scale mail        |    47 |    16 ||    63
Dodge: Dodged            |    31 |    11 ||    42
Block: Buckler           |    17 |    12 ||    29

Table legend: (Time is in decaauts)
 A = Elapsed time spent in this place.
 B = Non-inter-level travel time spent in this place.
 C = Inter-level travel time spent in this place.
 D = Time resting spent in this place.
 E = Time spent auto-exploring this place.
 F = Levels seen in this place.
 G = Mean time per level.
                   A        B        C        D        E       F      G
               +--------+--------+--------+--------+--------+-----+--------+
         Total |   2302 |   2198 |    104 |    308 |   1412 |   5 |  460.4 |
       Dungeon |   2302 |   2198 |    104 |    308 |   1412 |   5 |  460.4 |
               +--------+--------+--------+--------+--------+-----+--------+

Top non-repeatable levels by time:
     D:2: 949 daAuts
     D:1: 804 daAuts
     D:5: 365 daAuts
     D:3: 169 daAuts
     D:4: 14 daAuts
